 Dungeon Crawl Stone Soup version 0.24.0-123-gd5b16e6ec5 (webtiles) character file.

Game seed: 16791680437542692357, levelgen mode: deterministic

5278 FishyPogo the Blocker (level 10, 0/75 HPs)
             Began as a Demonspawn Chaos Knight on Feb 10, 2020.
             Was a Plaything of Xom.
             Slain by a troll (12 damage)
             ... on level 9 of the Dungeon.
             The game lasted 00:25:42 (7552 turns).

FishyPogo the Blocker (Demonspawn Chaos Knight)     Turns: 7552, Time: 00:25:43

Health: 0/75       AC: 10    Str: 20      XL:     10   Next: 36%
Magic:  10/10      EV: 15    Int: 13 (15) God:    Xom [.....*]
Gold:   301        SH:  7    Dex: 20 (21) Spells: 6/9 levels left

rFire    + . .     SeeInvis .   a - +2 short sword (elec)
rCold    . . .     Gourm    .   B - +0 buckler
rNeg     . . .     Faith    .   b - +2 leather armour
rPois    +         Spirit   .   (helmet restricted)
rElec    .         Reflect  .   J - +0 cloak
rCorr    .         Harm     .   r - +2 pair of gloves
MR       .....                  (no boots)
Stlth    +++.......             (no amulet)
HPRegen  0.22/turn              M - ring "Bijuf" {rPois EV-2 Slay+2} (curse)
MPRegen  0.12/turn              O - +4 ring of dexterity

@: mighty, agile
A: antennae 1, rugged brown scales 2, clever 1, clumsy 1, deformed body,
deterioration 1, fire resistance 1, frail 1, powered by pain 2, screaming 1,
augmentation 1
a: Renounce Religion


You were on level 9 of the Dungeon.
You worshipped Xom.
You were Xom's teddy bear.
You were not hungry.

You visited 1 branch of the dungeon, and saw 9 of its levels.
You also visited: Sewer.

You collected 558 gold pieces.
You spent 257 gold pieces at shops.

Inventory:

Hand Weapons
 a - a +2 short sword of electrocution (weapon)
 H - a +1 hand axe of flaming
Missiles
 e - 279 stones
 i - 46 sling bullets
 j - 122 arrows
 p - 13 boomerangs
 u - 8 poisoned darts (quivered)
 y - 57 bolts
 N - 8 javelins
Armour
 b - a +2 leather armour (worn)
 n - a +1 shield
 r - a +2 pair of gloves (worn)
 t - a +1 robe of magic resistance
 B - a +0 buckler (worn)
 E - a +0 ring mail of poison resistance
 J - a +0 cloak (worn)
Magical Staves
 G - an uncursed staff of poison {unknown}
Jewellery
 d - an uncursed ring of stealth
 o - the ring of Cietion {+Blink +Fly rElec MP+9 Slay-2}
   (You found it on level 8 of the Dungeon)

   [ring of magical power]

   It affects your accuracy and damage with ranged weapons and melee attacks
   (-2).
   It insulates you from electricity.
   It affects your magic capacity (+9).
   It lets you fly.
   It lets you blink.
 x - a +1 ring of protection
 z - an uncursed ring of protection from cold
 M - the cursed ring "Bijuf" (left hand) {rPois EV-2 Slay+2}
   (You bought it in a shop on level 7 of the Dungeon)

   [ring of evasion]

   It affects your evasion (-2).
   It affects your accuracy and damage with ranged weapons and melee attacks
   (+2).
   It protects you from poison.
   It has a curse placed upon it.
 O - a +4 ring of dexterity (right hand)
Wands
 K - a wand of random effects (19)
Scrolls
 g - 10 scrolls of identify
 h - 6 scrolls of fog
 k - 2 scrolls of enchant armour
 m - 5 scrolls of remove curse
 v - a scroll of amnesia
 A - 3 scrolls of teleportation
 F - a scroll of acquirement {unknown}
 L - a scroll of enchant weapon {unknown}
 Q - a scroll of blinking
Potions
 f - a potion of haste
 l - 3 potions of brilliance
 q - 3 potions of might
 w - 4 potions of heal wounds
 C - a potion of flight
 D - a potion of curing
 I - a potion of agility
 P - a potion of lignification
Comestibles
 c - 14 rations


   Skills:
 - Level 7.0 Fighting
 + Level 6.7 Short Blades
 + Level 6.3 Armour
 - Level 1.0 Dodging
 - Level 1.0 Stealth
 * Level 8.4 Shields
 + Level 4.9 Necromancy


You had 6 spell levels left.
You knew the following spells:

 Your Spells              Type           Power        Failure   Level  Hunger
a - Apportation           Tloc           #.....       34%         1    ##.....
b - Confusing Touch       Hex            #.....       34%         1    ##.....
c - Animate Skeleton      Necr           N/A          4%          1    ##.....

Your spell library contained the following spells:

 Spells                   Type           Power        Failure   Level  Hunger
 Summon Small Mammal      Summ           #...         34%         1    ##.....


Dungeon Overview and Level Annotations

Branches:
Dungeon (9/15)             Temple (0/1) D:7           Sewer (visited)
   Lair: D:8-11         Orc: D:9-12

Altars:
Sif Muna
Wu Jian
Xom

Shops:
D:7 =


Innate Abilities, Weirdness & Mutations

You have a pair of small antennae on your head.
You are mostly covered in rugged brown scales. (AC +2, +5% HP)
Your flesh is heat resistant. (rF+)
You sometimes gain power by taking damage.
Your magical and physical power is slightly enhanced at high health.
Your mind is acute. (Int +2)
You are clumsy. (Dex -2)
Armour fits poorly on your strangely shaped body.
Your body sometimes deteriorates upon taking damage.
You are frail. (-10% HP)
You occasionally shout uncontrollably at your foes.


Message History

The worker ant twitches its antennae in your direction.
The worker ant bites you.
You puncture the worker ant!
Lightning courses through the worker ant!!
You kill the worker ant!
The troll bites you!
* * * LOW HITPOINT WARNING * * *
You block the troll's attack. x2
Found a ring mail.
You puncture the troll!
The troll is moderately wounded.
The troll closely misses you. The troll claws you.
* * * LOW HITPOINT WARNING * * *
The troll claws you but does no damage.
Unknown command.
You puncture the troll!
The troll is heavily wounded.
The troll bites you!
You die...
Xom snickers!

#######.....##
##............ .
...............#
#.............
#.........#.#.#
##.............#
#..........#...#
#.##....@......[
#.##....T#####..
#..............
##......#...#...
######
#.......#.......
.....#
#...#.#.#.#.#...
.....#
#.......#......#
.....#
#...#...#......#
.....###.............#


You could see a troll.

Vanquished Creatures
  2 two-headed ogres
  Pikel (D:8)
  Joseph (D:8)
  A hippogriff (D:5)
  An orc warrior (D:7)
  2 ice beasts
  A sky beast (D:6)
  4 slaves (D:8)
  A black bear (D:7)
  8 ogres
  2 centaurs
  3 phantoms
  3 bullfrogs
  2 big kobolds
  A wyvern zombie (D:8)
  2 scorpions
  3 howler monkeys
  A bullfrog zombie (D:6)
  A crimson imp (D:5)
  A quasit (D:7)
  4 orc wizards
  A bullfrog skeleton (D:7)
  2 orc priests
  5 hounds
  Terence (D:2)
  5 iguanas
  2 worker ants
  2 hound skeletons
  2 hound zombies (D:5)
  5 gnolls
  9 adders
  2 river rats (Sewer)
  2 oozes
  2 adder skeletons
  2 worms
  3 dart slugs
  3 leopard geckos
  18 orcs
  4 ball pythons
  6 giant cockroaches
  17 goblins
  10 hobgoblins
  20 jackals
  4 quokkas
  8 bats
  7 frilled lizards
  2 jackal skeletons
  11 kobolds
  A leopard gecko zombie (D:6)
  13 rats
214 creatures vanquished.

Vanquished Creatures (collateral kills)
  A hungry ghost (D:9)
  A gnoll (D:5)
2 creatures vanquished.

Vanquished Creatures (others)
  2 fire vortices (D:7)
2 creatures vanquished.

Grand Total: 218 creatures vanquished

Notes
Turn   | Place    | Note
-------+----------+-------------------------------------------
     0 | D:1      | FishyPogo the Demonspawn Chaos Knight began the quest for
                  | the Orb.
     0 | D:1      | Reached XP level 1. HP: 18/18 MP: 1/1
    10 | D:1      | Reached skill level 1 in Dodging
   178 | D:1      | Gained mutation: Your flesh is heat resistant. (rF+)
                  | [demonic ancestry]
   178 | D:1      | Reached XP level 2. HP: 22/24 MP: 2/2
   262 | D:1      | XOM: harmless Fire miscast
   385 | D:1      | Reached skill level 1 in Stealth
   385 | D:1      | Reached XP level 3. HP: 23/29 MP: 3/3
   462 | D:1      | XOM: divination: detect items
   507 | D:1      | XOM: harmless Hex miscast
  1106 | D:2      | Noticed Terence
  1112 | D:2      | XOM: butterfly on damage
  1113 | D:2      | Killed Terence
  1113 | D:2      | Reached skill level 1 in Shields
  1113 | D:2      | Gained mutation: You are partially covered in rugged brown
                  | scales. (AC +1, +3% HP) [demonic ancestry]
  1113 | D:2      | Reached XP level 4. HP: 22/38 MP: 4/4
  1280 | D:2      | XOM: give mutation
  1280 | D:2      | Gained mutation: You have a pair of small antennae on your
                  | head. [Xom's grace]
  1639 | D:2      | XOM is BORED!
  1639 | D:2      | XOM: confusion (+ monsters)
  1953 | D:3      | Mutation became permanent: You have a pair of small
                  | antennae on your head. [demonic ancestry]
  1953 | D:3      | Gained mutation: You have a pair of small antennae on your
                  | head. [demonic ancestry]
  1953 | D:3      | Reached XP level 5. HP: 26/43 MP: 5/5
  1956 | D:3      | Reached skill level 2 in Shields
  2605 | D:3      | XOM: cloud trail
  2617 | D:3      | You fall into a shaft and drop 1 floor!
  2663 | D:4      | Noticed an ogre
  2675 | D:4      | Killed an ogre
  2675 | D:4      | Reached skill level 3 in Shields
  2675 | D:4      | Gained mutation: You are mostly covered in rugged brown
                  | scales. (AC +2, +5% HP) [demonic ancestry]
  2675 | D:4      | Reached XP level 6. HP: 31/51 MP: 6/6
  2876 | D:4      | XOM: 4-stop teleportation journey
  2882 | D:4      | XOM: snakes to sticks
  3385 | D:4      | Noticed a two-headed ogre
  3394 | D:4      | Killed a two-headed ogre
  3394 | D:4      | Reached skill level 5 in Fighting
  3394 | D:4      | Reached skill level 5 in Shields
  3394 | D:4      | Gained mutation: You sometimes gain a little power by
                  | taking damage. [demonic ancestry]
  3394 | D:4      | Reached XP level 7. HP: 47/58 MP: 7/7
  3394 | D:4      | Gained mutation: You sometimes gain power by taking damage.
                  | [demonic ancestry]
  3394 | D:4      | Reached XP level 8. HP: 53/65 MP: 8/8
  3462 | D:4      | Found a shimmering blue altar of Sif Muna.
  3499 | D:4      | Learned a level 1 spell: Apportation
  3501 | D:4      | Learned a level 1 spell: Confusing Touch
  3679 | D:4      | XOM: give mutations
  3679 | D:4      | Gained mutation: Your mind is acute. (Int +2) [Xom's grace]
  3679 | D:4      | Gained mutation: Your mind is very acute. (Int +4) [Xom's
                  | grace]
  3679 | D:4      | Gained mutation: You expend magic power (3 MP) to
                  | strengthen your wands. [Xom's grace]
  3813 | D:5      | Entered Level 5 of the Dungeon
  4007 | D:5      | XOM: enchant monster (good)
  4049 | D:5      | XOM: polymorph howler monkey -> iguana
  4065 | D:5      | Reached skill level 5 in Short Blades
  4066 | D:5      | XOM: scenery: create altars
  4138 | D:5      | Noticed a hippogriff
  4182 | D:5      | XOM: god gift: crooked smoking staff {god gift}
  4188 | D:5      | XOM: scenery: create altars
  4191 | D:5      | Reached skill level 6 in Shields
  4263 | D:5      | Killed a hippogriff
  4445 | D:5      | XOM: cast spell 'Discord'
  4672 | D:5      | Reached skill level 5 in Armour
  4887 | D:6      | Found a glowing drain.
  4890 | D:6      | Gained mutation: Your magical and physical power is
                  | slightly enhanced at high health. [demonic ancestry]
  4890 | D:6      | Reached XP level 9. HP: 72/72 MP: 9/9
  4905 | Sewer    | Entered a sewer
  5156 | Sewer    | Found a white marble altar of Elyvilon.
  5260 | D:6      | Learned a level 1 spell: Animate Skeleton
  5334 | D:6      | Reached skill level 1 in Necromancy
  5975 | D:7      | Reached skill level 7 in Shields
  6001 | D:7      | Found an ornate altar of the Wu Jian Council.
  6036 | D:7      | XOM: mild Fire miscast
  6097 | D:7      | XOM: scenery: create altars
  6195 | D:7      | Found Tabuadom's Jewellery Shoppe.
  6198 | D:7      | Bought the cursed ring "Bijuf" {rPois EV-2 Slay+2} for 257
                  | gold pieces
  6337 | D:7      | XOM: draining
  6381 | D:7      | Found a staircase to the Ecumenical Temple.
  6654 | D:7      | XOM: give mutations
  6654 | D:7      | Gained mutation: Your body sometimes deteriorates upon
                  | taking damage. [Xom's mischief]
  6654 | D:7      | Gained mutation: Armour fits poorly on your strangely
                  | shaped body. [Xom's mischief]
  6654 | D:7      | Gained mutation: You occasionally shout uncontrollably at
                  | your foes. [Xom's mischief]
  6678 | D:8      | Noticed Joseph
  6705 | D:7      | XOM: give mutations
  6705 | D:7      | Lost mutation: Your mind is very acute. (Int +4) [Xom's
                  | mischief]
  6705 | D:7      | Lost mutation: You expend magic power (3 MP) to strengthen
                  | your wands. [Xom's mischief]
  6705 | D:7      | Gained mutation: You are frail. (-10% HP) [Xom's mischief]
  6705 | D:7      | Gained mutation: You are clumsy. (Dex -2) [Xom's mischief]
  6730 | D:8      | XOM: noise
  6732 | D:8      | Killed Joseph
  6746 | D:8      | XOM: polymorph orc warrior -> big kobold
  7106 | D:8      | Got a twitching tin ring
  7108 | D:8      | Identified the ring of Cietion {+Blink +Fly rElec MP+9
                  | Slay-2} (You found it on level 8 of the Dungeon)
  7132 | D:8      | Noticed Pikel
  7143 | D:8      | XOM: fog
  7152 | D:8      | Reached XP level 10. HP: 75/75 MP: 10/10
  7172 | D:8      | XOM: summons 4 friendly demons
  7234 | D:8      | Killed Pikel
  7293 | D:8      | Reached skill level 8 in Shields
  7515 | D:9      | Noticed a two-headed ogre
  7524 | D:9      | Killed a two-headed ogre
  7529 | D:9      | XOM: cast spell 'Summon Hydra'
  7552 | D:9      | Slain by a troll

Levels and vault maps discovered:
D:1:      erik_arrival_blinker_ship, layout_basic, patterned_corridor
D:2:      kennysheep_the_goblin_king, layout_basic, uniq_terence
D:3:      layout_loops_ring
D:4:      layout_cave_pods, led_sif_book
D:5:      layout_basic, first_ration, minmay_manual_maat
D:6:      layout_basic, portal_sewer_entry_b
D:7:      layout_basic, nicolae_overflow_crystal_walls,
          minmay_temple_entry_gardened_gates, serial_shops, kennysheep_mini_moat
D:8:      layout_basic, uniq_pikel, uniq_joseph
D:9:      layout_roguey, serial_shops, nicolae_shop_statue_plus,
          hangedman_decor_lopped, david_nohive_1, fedhas_altar_1, uniq_erolcha

Skill      XL: |  1  2  3  4  5  6  7  8  9 10 |
---------------+-------------------------------+-----
Dodging        | 1 |  1.0
Armour         | 2 3 4 5 6 |  6.3
Stealth        | 1 |  1.0
Short Blades   | 3 4 5 6 |  6.7
Shields        | 1 3 5 6 7 8 |  8.4
Fighting       | 4 5 6 7 |  7.0
Necromancy     | 4 |  4.9

Action                   |  1- 3 |  4- 6 |  7- 9 | 10-12 || total
-------------------------+-------+-------+-------+-------++-------
Melee: Short sword       |    95 |   185 |   343 |    62 ||   685
Throw: Stone             |       |     2 |    21 |       ||    23
       Dart              |       |       |     7 |       ||     7
 Cast: Apportation       |       |       |     1 |       ||     1
  Use: Scroll            |       |     1 |     6 |       ||     7
       Potion            |       |     2 |     7 |     1 ||    10
 Stab: Sleeping          |    10 |     9 |     4 |       ||    23
       Confused          |     1 |       |       |       ||     1
       Petrified         |     1 |       |       |       ||     1
       Distracted        |       |     2 |       |       ||     2
       Paralysed         |       |     3 |     1 |       ||     4
       Invisible         |       |       |     3 |       ||     3
  Eat: Chunk             |     1 |     7 |    12 |     4 ||    24
Armor: Leather armour    |    26 |    50 |    35 |    17 ||   128
       Ring mail         |       |       |    66 |       ||    66
Dodge: Dodged            |    51 |   109 |   114 |    19 ||   293
Block: Buckler           |       |     2 |    55 |     7 ||    64
